 Dungeon Crawl Stone Soup version 0.19-a0-347-g6bb00b2 (webtiles) character file.

14 Leszczynek the Ruffian (level 2, -2/25 HPs)
             Began as a Naga Transmuter on May 29, 2016.
             Slain by a quokka (4 damage)
             ... on level 1 of the Dungeon.
             The game lasted 00:01:16 (549 turns).

Leszczynek the Ruffian (Naga Transmuter)             Turns: 549, Time: 00:01:17

Health: -2/25      AC:  1    Str: 12    XL:     2   Next: 41%
Magic:  3/5        EV: 10    Int: 13    God:
Gold:   15         SH:  0    Dex: 11    Spells: 2 memorised, 2 levels left

rFire  . . .     SeeInvis +       - Unarmed
rCold  . . .     Gourm    .     b - +0 robe
rNeg   . . .     Faith    .     (no shield)
rPois  +         Spirit   .     (no helmet)
rElec  .         Dismiss  .     (no cloak)
rCorr  +         Reflect  .     (no gloves)
SustAt .         Harm     .     (no barding)
MR     .....                    (no amulet)
Stlth  +.........               (no ring)
                                e - ring of resist corrosion

@: short of breath, very slow, not resistant to hostile enchantments, very
unstealthy
A: see invisible, deformed body, poison resistance, slowness 2, slow metabolism
1, spit poison 2, AC +0
a: Spit Poison


You were on level 1 of the Dungeon.
You were not hungry.

You visited 1 branch of the dungeon, and saw 1 of its levels.

You collected 15 gold pieces.

Inventory:

Missiles
 a - 11 arrows
Armour
 b - a +0 robe (worn)
Jewellery
 e - a ring of resist corrosion (left hand)
Scrolls
 f - a scroll of enchant armour {unknown}
 g - 2 scrolls of fear {unknown}
 i - a scroll of random uselessness {unknown}
 j - a scroll of amnesia {unknown}
Books
 c - a book of Changes

   Spells                             Type                      Level
   a - Beastly Appendage              Transmutation                1
   b - Sticks to Snakes               Transmutation                2
   c - Spider Form                    Transmutation/Poison         3
   d - Ice Form                       Ice/Transmutation            4
   e - Blade Hands                    Transmutation                5
Comestibles
 d - a bread ration
 h - 4 chunks of flesh


   Skills:
 - Level 1.0 Fighting
 - Level 1.5 Dodging
 - Level 3.0 Unarmed Combat
 - Level 2.0 Spellcasting
 + Level 3.0 Transmutations


You had 2 spell levels left.
You knew the following spells:

 Your Spells              Type           Power        Failure   Level  Hunger
a - Beastly Appendage     Tmut           #.....       10%         1    ##.....
b - Sticks to Snakes      Tmut           #.......     12%         2    ###....


Dungeon Overview and Level Annotations

Branches:
Dungeon (1/15)

Altars:


Innate Abilities, Weirdness & Mutations

You cannot wear boots.
Your serpentine skin is tough (AC +0).
You have supernaturally acute eyesight. (SInv)
Armour fits poorly on your strangely shaped body.
Your system is resistant to poisons. (rPois)
You cover ground very slowly.
You have a slow metabolism.
You can spit poison.


Message History

The quokka twitches its whiskers.
The quokka bites you but does no damage.
You aren't carrying any potions.
You have got your breath back.
The kobold throws a stone.
The stone hits you but does no damage.
Unknown command.
Press: ? - help, Shift-Dir - straight line, f - quokka
Aim: a quokka (lightly wounded)
The splash of poison hits the quokka.
The quokka is poisoned.
The quokka is moderately wounded.
You feel slightly more hungry. The quokka bites you.
* * * LOW HITPOINT WARNING * * *
The quokka barely misses you.
Unknown command.
Okay, then.
Unknown command.
Casting: Beastly Appendage
Confirm with . or Enter, or press ? or * to list all spells.
You create a snake!
You now have 11 arrows.
The quokka bites you.
You die...

#..... #...####............
#.....##........######.##..
#.....#.........###........
#........#÷####.....##.##..
##.......##......###.......#
..........K#.###.# #.##.####
#....).$gb..# #.# #.####
......†.##r### #.# #.....
.......###.@# #.. ##.##.
8....## ##..# ... #.###
..... ##S# .##. ###.### ....
.. . ....... ..# ... .....>#
.. ##.# ......# .# #####÷ .#
....... .......


You could see a quokka, a hobgoblin, a bat, a kobold and a friendly ball python.

Vanquished Creatures
  A giant cockroach (D:1)
  A goblin (D:1)
  2 hobgoblins (D:1)
  3 jackals (D:1)
  3 bats (D:1)
  3 rats (D:1)
13 creatures vanquished.

Notes
Turn   | Place    | Note
--------------------------------------------------------------
     0 | D:1      | Leszczynek the Naga Transmuter began the quest for the Orb.
     0 | D:1      | Reached XP level 1. HP: 18/18 MP: 3/3
   296 | D:1      | Reached XP level 2. HP: 18/25 MP: 5/5
   303 | D:1      | Learned a level 2 spell: Sticks to Snakes
   545 | D:1      | HP: 2/25 [quokka (3)]
   549 | D:1      | Slain by a quokka

Vault maps used:
D:1:      eino_arrival_cavern_c, st_stairs_1

Skill      XL: |  1  2 |
---------------+-------+-----
Transmutations | 3 |  3.0
Fighting       | |  1.0
Dodging        | |  1.5
Unarmed Combat | |  3.0
Spellcasting   | |  2.0

Action                   || total
-------------------------++-------
Melee: Unarmed           ||    38
       Headbutt          ||     2
       Punch             ||     2
 Cast: Beastly Appendage ||     3
       Sticks to Snakes  ||     1
 Abil: Spit Poison       ||     6
Armor: Robe              ||    11
Dodge: Dodged            ||    28
